 Dungeon Crawl Stone Soup version 0.30-a0-23-ge60ba3568b (webtiles) character file.

Game seed: 6057912203090472810

101 freelancePsychic the Cutter (level 4, -5/35 HPs)
             Began as a Mummy Warper on Aug 25, 2022.
             Slain by an orc
             ... wielding a +0 flail
              (7 damage)
             ... on level 4 of the Dungeon.
             The game lasted 00:05:32 (3508 turns).

freelancePsychic the Cutter (Mummy Warper)          Turns: 3508, Time: 00:05:33

Health: -5/35      AC:  3    Str: 14    XL:     4   Next: 48%
Magic:  8/8        EV: 11    Int: 14    God:
Gold:   60         SH:  0    Dex: 11    Spells: 8/8 levels left

rFire   x . .      SeeInvis .    a - +1 short sword
rCold   + . .      Faith    .    (no shield)
rNeg    + + +      Spirit   .    b - +0 leather armour
rPois   ∞          Reflect  .    (no helmet)
rElec   .          Harm     .    (no cloak)
rCorr   .          Rampage  .    (no gloves)
Will    .....                    (no boots)
Stlth   +.........               (no amulet)
HPRegen 0.11/turn                (no ring)
MPRegen 0.11/turn                (no ring)

@: no status effects
A: cold resistance 1, negative energy resistance 3, torment resistance 2, heat
vulnerability 1, in touch with death 1, no potions
a: no special abilities


You were on level 4 of the Dungeon.
You visited 1 branch of the dungeon, and saw 4 of its levels.

You collected 60 gold pieces.

Inventory:

Hand Weapons
 a - a +1 short sword (weapon)
Missiles
 d - 4 boomerangs (quivered)
Armour
 b - a +0 leather armour (worn)
Jewellery
 h - a ring of fire
Scrolls
 f - a scroll of identify {@r1}
 g - a scroll of fog


   Skills:
 + Level 3.1 Fighting
 * Level 3.3 Short Blades
 - Level 0.7 Throwing
 - Level 0.7 Armour
 - Level 1.5 Dodging
 - Level 2.6 Spellcasting
 - Level 2.4 Translocations


You had 8 spell levels left.
You didn't know any spells.
Your spell library contained the following spells:

 Spells                   Type           Power      Damage    Failure   Level
 Apportation              Tloc           16%        N/A       11%         1
 Blink                    Tloc           16%        N/A       16%         2
 Gell's Gravitas          Tloc           8%         N/A       30%         3
 Lesser Beckoning         Tloc           8%         N/A       30%         3
 Teleport Other           Tloc           8%         N/A       30%         3
 Manifold Assault         Tloc           8%         N/A       96%         5
 Alistair's Intoxication  Tmut/Pois      0%         N/A       100%        5


Dungeon Overview and Level Annotations

Branches:
Dungeon (4/15)
 Temple: D:4-7

Altars:

Annotations:
D:2 Terence


Innate Abilities, Weirdness & Mutations

You are immune to poison.
Your flesh is cold resistant. (rC+)
You are immune to negative energy. (rN+++)
You are immune to unholy pain and torment.
You are vulnerable to heat. (rF-)
You are in touch with the powers of death.
You do not drink.


Message History

You kill the orc!
Items here: ( )) [ ††.
You hit something. Something hits you.
The orc hits you from afar with a +0 trident of freezing!
The orc freezes you.
You hit something. Your punch misses something. Something hits you.
The orc hits you from afar with a +0 trident of freezing.
The orc freezes you.
You are too injured to fight recklessly!
You are too injured to fight recklessly!
You are too injured to fight recklessly!
You are too injured to fight recklessly!
You are too injured to fight recklessly!
You are too injured to fight recklessly!
You are too injured to fight recklessly!
You are too injured to fight recklessly!
You are too injured to fight recklessly!
You are too injured to fight recklessly!
You are too injured to fight recklessly!
You are too injured to fight recklessly!
You are too injured to fight recklessly!
You are too injured to fight recklessly!
You are too injured to fight recklessly!
You are too injured to fight recklessly!
You are too injured to fight recklessly!
The orc attacks as you move away! The orc hits you with a +0 flail!
* * * LOW HITPOINT WARNING * * *
Something hits you.
* * * LOW HITPOINT WARNING * * *
Okay, then.
As you open the door, it creaks loudly! The orc hits you with a +0 flail!
* * * LOW HITPOINT WARNING * * *
The orc attacks as you move away! The orc closely misses you.
There is an open door here.
Found 9 gold pieces.
The orc attacks as you move away! The orc hits you with a +0 flail.
* * * LOW HITPOINT WARNING * * *
The orc attacks as you move away! The orc hits you with a +0 flail!
You die...

#.#...####...
#.....#
###...# ##.<#
#o## ##.#
#..# ####
#'#####..$.#
##o.o@.#
#.###.# #..
.# ###. ..
..### .. ##.
.#


You could see 2 orcs.

Vanquished Creatures
  Jessica (D:2)
  4 adders
  A dart slug (D:2)
  6 orcs
  3 ball pythons
  2 endoplasms
  A giant cockroach (D:2)
  A goblin (D:1)
  A hobgoblin (D:2)
  6 bats
  5 frilled lizards
  2 kobolds
  6 rats
39 creatures vanquished.

Vanquished Creatures (others)
  A fungus (D:2)
1 creature vanquished.

Grand Total: 40 creatures vanquished

Notes
Turn   | Place    | Note
-------+----------+-------------------------------------------
     0 | D:1      | freelancePsychic the Mummy Warper began the quest for the
                  | Orb.
     0 | D:1      | Reached XP level 1. HP: 16/16 MP: 4/4
   690 | D:1      | Reached XP level 2. HP: 22/22 MP: 5/5
  1046 | D:2      | Found a faded altar of an unknown god.
  1583 | D:2      | Noticed Terence
  1600 | D:1      | Gained mutation: You are in touch with the powers of death.
                  | [Mummy growth]
  1600 | D:1      | Reached XP level 3. HP: 23/28 MP: 7/7
  2292 | D:2      | Noticed Jessica
  2318 | D:2      | Killed Jessica
  2462 | D:3      | Reached XP level 4. HP: 26/34 MP: 8/8
  2916 | D:3      | Noticed an ogre
  3508 | D:4      | Slain by an orc

Illustrated notes

Levels and vault maps discovered:
D:1:      shiori_shiawase, layout_basic
D:2:      layout_basic, nicolae_ecumenical_pavilion, uniq_jessica,
          uniq_crazy_yiuf_cottage, uniq_terence
D:3:      minmay_diamond_boxcup, layout_loops_ring, serial_shops, shop_statue,
          st_stairs_11, minmay_fountain_box
D:4:      layout_basic, mainiacjoe_overflow_swirl, serial_corexii_hall,
          corexii_hall_statues_s, corexii_hall_statues_x, minivault_26,
          chequers_serial_rivers_room_b, uniq_natasha, uniq_edmund,
          uniq_sigmund, uniq_eustachio

Skill      XL: |  1  2  3  4 |
---------------+-------------+-----
Short Blades   | 2 3 |  3.3
Fighting       | 3 |  3.1
Throwing       | |  0.7
Armour         | |  0.7
Dodging        | |  1.5
Spellcasting   | |  2.6
Translocations | |  2.4

Action                   |  1- 3 |  4- 6 || total
-------------------------+-------+-------++-------
Melee: Short sword       |   149 |    75 ||   224
       Punch             |     1 |     1 ||     2
Throw: Boomerang         |    16 |     1 ||    17
  Use: Scroll            |     6 |     3 ||     9
Armor: Leather armour    |    49 |    23 ||    72
Dodge: Dodged            |    90 |    41 ||   131

Table legend: (Time is in decaauts)
 A = Elapsed time spent in this place.
 B = Non-inter-level travel time spent in this place.
 C = Inter-level travel time spent in this place.
 D = Time resting spent in this place.
 E = Time spent auto-exploring this place.
 F = Levels seen in this place.
 G = Mean time per level.
                   A        B        C        D        E       F      G
               +--------+--------+--------+--------+--------+-----+--------+
         Total |   3515 |   3399 |    116 |    861 |   1928 |   4 |  878.8 |
       Dungeon |   3515 |   3399 |    116 |    861 |   1928 |   4 |  878.8 |
               +--------+--------+--------+--------+--------+-----+--------+

Top non-repeatable levels by time:
     D:1: 1752 daAuts
     D:2: 1200 daAuts
     D:3: 528 daAuts
     D:4: 34 daAuts
